 Dungeon Crawl Stone Soup version 0.23.0 (webtiles) character file.

Game seed: 11426360038089278989

5239 ZoZ the Tainter (level 10, -12/63 HPs)
             Began as an Octopode Venom Mage on Feb 14, 2019.
             Was a Believer of Makhleb.
             Mangled by a troll (13 damage)
             ... on level 11 of the Dungeon.
             The game lasted 00:39:38 (14086 turns).

ZoZ the Tainter (Octopode Venom Mage)              Turns: 14086, Time: 00:39:38

Health: -12/63     AC:  1    Str:  9    XL:     10   Next: 61%
Magic:  2/19       EV: 13    Int: 17    God:    Makhleb [**....]
Gold:   291        SH:  6    Dex: 15    Spells: 6/22 levels left

rFire    . . .     SeeInvis +   J - +2 trident (pain)
rCold    . . .     Gourm    .   v - +2 buckler
rNeg     . . .     Faith    .   (helmet restricted)
rPois    +         Spirit   .   (no amulet)
rElec    .         Reflect  .   n - ring of poison resistance
rCorr    .         Harm     .   q - ring of see invisible
MR       .....                  u - ring of wizardry
Stlth    +++.......             (no ring)
HPRegen  0.20/turn              (no ring)
MPRegen  0.16/turn              (no ring)
                                (no ring)
                                (no ring)

@: barbed spikes
A: almost no armour, stealthy swim, amphibious, 8 rings, constrict 8, camouflage
1, gelatinous body 1
a: Minor Destruction, Renounce Religion


You were on level 11 of the Dungeon.
You worshipped Makhleb.
Makhleb was pleased with you.
You were hungry.

You visited 2 branches of the dungeon, and saw 12 of its levels.

You collected 456 gold pieces.
You spent 165 gold pieces at shops.

Inventory:

Hand Weapons
 a - a +4 dagger
 b - a +3 hunting sling
 d - a +0 club
 h - a +0 spear
 j - a +0 short sword
 r - a +0 spear
 J - a +2 trident of pain (weapon)
Missiles
 k - 291 stones
 y - 13 tomahawks (quivered)
Armour
 v - a +2 buckler (worn)
Jewellery
 n - a ring of poison resistance (left tentacle)
 q - a ring of see invisible (right tentacle)
 u - a ring of wizardry (on tentacle)
 C - an uncursed ring of ice
 L - an uncursed ring of flight {unknown}
Wands
 i - a wand of acid (8)
 o - a wand of digging (7)
 G - a wand of iceblast (15)
Scrolls
 f - a scroll of enchant armour
 g - 2 scrolls of fog
 l - 3 scrolls of teleportation
 m - 2 scrolls of magic mapping
 z - a scroll of blinking
 A - 6 scrolls of remove curse
 B - a scroll of acquirement {unknown}
 I - 4 scrolls of amnesia {unknown}
 N - a scroll of vulnerability {unknown}
Potions
 c - 5 potions of lignification
 e - 9 potions of curing
 p - 2 potions of haste
 t - 2 potions of ambrosia {unknown}
 w - 4 potions of agility
 x - a potion of flight {unknown}
 D - a potion of might
 E - a potion of mutation {unknown}
 F - 2 potions of brilliance {unknown}
 H - 4 potions of heal wounds
 M - a potion of cancellation {unknown}
Comestibles
 s - 17 rations


   Skills:
 + Level 3.4 Fighting
 - Level 2.1 Short Blades
 + Level 2.0 Polearms
 - Level 5.0 Slings
 + Level 0.2(3.0) Throwing
 - Level 2.0 Dodging
 - Level 2.6 Stealth
 * Level 2.4 Shields
 + Level 6.5 Spellcasting
 + Level 1.1 Conjurations
 - Level 4.1 Hexes
 * Level 2.7 Summonings
 * Level 3.5 Necromancy
 + Level 6.4 Air Magic
 - Level 8.0 Poison Magic
 - Level 3.0 Invocations


You had 6 spell levels left.
You knew the following spells:

 Your Spells              Type           Power        Failure   Level  Hunger
a - Sting                 Conj/Pois      ###.         1%          1    None
b - Poisonous Vapours     Pois/Air       ####..       1%          2    None
c - Mephitic Cloud        Conj/Pois/Air  ###.....     2%          3    ##.....
d - Olgreb's Toxic Radia  Pois           ####....     2%          4    ####...
e - Confusing Touch       Hex            ###...       1%          1    None
f - Animate Skeleton      Necr           N/A          1%          1    None
g - Summon Lightning Spi  Summ/Air       ###.....     9%          4    ####...

Your spell library contained the following spells:

 Spells                   Type           Power        Failure   Level  Hunger
 Summon Small Mammal      Summ           ##..         1%          1    None
 Call Imp                 Summ           ##......     2%          2    None
 Confuse                  Hex            ###.....     3%          3    ##.....
 Summon Guardian Golem    Hex/Summ       ###.....     4%          3    ##.....
 Call Canine Familiar     Summ           ##......     6%          3    ##.....
 Gell's Gravitas          Tloc           #.........   17%         3    ##.....
 Venom Bolt               Conj/Pois      ###.......   24%         5    #####..
 Summon Ice Beast         Ice/Summ       ##......     32%         4    ####...
 Petrify                  Tmut/Erth      #.......     47%         4    ####...
 Metabolic Englaciation   Hex/Ice        ##........   52%         5    #####..
 Yara's Violent Unravell  Hex/Tmut       ##........   52%         5    #####..


Dungeon Overview and Level Annotations

Branches:
Dungeon (11/15)            Temple (1/1) D:5            Lair (0/6) D:11
    Orc: D:9-12

Altars:
Cheibriados
Dithmenos
Elyvilon
Fedhas
Gozag
Kikubaaqudgha
Makhleb
Nemelex Xobeh
Okawaru
Qazlal
Ru
Sif Muna
Trog
Uskayaw
Vehumet
Wu Jian
Xom
Yredelemnul
Zin
The Shining One

Shops:
D:8 :   D:9 [

Annotations:
D:6 exclusion: 2 doors
D:8 exclusion: downstairs
D:9 exclusion: downstairs, Joseph


Innate Abilities, Weirdness & Mutations

You cannot wear most types of armour.
You are very stealthy in the water. (Stealth+)
You are amphibious.
You can wear up to eight rings at the same time.
You can use your tentacles to constrict eight enemies at once.
Your skin changes colour to match your surroundings (Stealth+).
Your rubbery body absorbs attacks. (AC +1, EV +1)


Message History

The manticore flicks its tail.
The volley of spikes hits you!
The barbed spikes become lodged in your body.
The troll barely misses you. You block the troll's attack. x2
The leopard gecko hisses angrily.
There is a stone staircase leading up here.
You barely miss the troll.
The troll is severely wounded.
The manticore flicks its tail.
The volley of spikes hits you!!
The barbed spikes become lodged in your body.
* * * LOW HITPOINT WARNING * * *
You block the troll's attack. The troll barely misses you.
The troll closely misses you.
You hit the troll.
The troll writhes in agony.
The troll is almost dead.
The troll bites you.
* * * LOW HITPOINT WARNING * * *
The troll claws you!
You die...

.............
.≈.≈....≈......#
.≈.≈..≈..... ..###
.≈≈≈≈≈≈....##.....
≈.≈≈≈≈h...........
≈≈≈≈≈≈≈..≈........
≈≈≈≈≈≈.≈z≈........
.≈.≈.≈≈≈≈T........
....≈≈≈≈≈≈@...##
≈.>..≈≈≈≈≈##......
....†≈≈≈≈≈# .....
....lh≈≈≈≈.# ....
.....≈H≈≈.## ...
≈≈..≈≈≈≈..# ..
≈≈.≈≈.≈≈... .
≈≈.≈≈≈......
≈≈.≈≈≈≈.....#


You could see a manticore, a troll, 2 wolves, a wight and a leopard gecko.

Vanquished Creatures
  Pikel (D:8)
  2 trolls (D:10)
  A soldier ant (D:10)
  2 water moccasins (D:6)
  Duvessa (D:6)
  2 hornet zombies
  2 slaves (D:8)
  An orc warrior (D:9)
  A phantom (D:6)
  A sky beast (D:6)
  5 ogres
  A centaur (D:9)
  A crocodile (D:7)
  3 big kobolds
  A water moccasin zombie (D:9)
  5 bullfrogs
  Dowan (D:6)
  A wyvern skeleton (D:10)
  2 scorpions
  14 killer bees
  A howler monkey (D:9)
  An electric eel (D:11)
  A crimson imp (D:5)
  2 centaur zombies (D:5)
  6 hounds
  Crazy Yiuf (D:7)
  2 orc priests (D:5)
  7 orc wizards
  4 centaur skeletons
  An iguana (D:10)
  7 worker ants
  2 hound zombies
  A worker ant zombie (D:6)
  A gnoll (D:1)
  13 adders
  2 shadow imps
  An ooze (D:3)
  An adder skeleton (D:5)
  2 worms
  A dart slug (D:3)
  5 leopard geckos
  31 orcs
  7 bats
  3 giant cockroaches
  6 goblins
  8 hobgoblins
  20 jackals
  5 quokkas
  4 ball pythons
  9 frilled lizards
  17 kobolds
  A leopard gecko skeleton (D:5)
  A quokka zombie (D:9)
  5 rats
227 creatures vanquished.

Vanquished Creatures (others)
  A quokka (D:8)
1 creature vanquished.

Grand Total: 228 creatures vanquished

Notes
Turn   | Place    | Note
-------+----------+-------------------------------------------
     0 | D:1      | ZoZ the Octopode Venom Mage began the quest for the Orb.
     0 | D:1      | Reached XP level 1. HP: 11/11 MP: 3/3
   280 | D:1      | Reached skill level 4 in Poison Magic
   284 | D:1      | Reached XP level 2. HP: 10/17 MP: 3/5
   551 | D:1      | Learned a level 2 spell: Poisonous Vapours
  1419 | D:1      | Reached skill level 1 in Air Magic
  1419 | D:1      | Reached XP level 3. HP: 7/21 MP: 3/6
  1624 | D:1      | Learned a level 3 spell: Mephitic Cloud
  1832 | D:2      | Reached XP level 4. HP: 27/27 MP: 4/7
  1899 | D:2      | Found a blossoming altar of Fedhas.
  1907 | D:2      | Found a stormy altar of Qazlal.
  2678 | D:2      | Reached skill level 1 in Short Blades
  2757 | D:2      | Reached skill level 5 in Poison Magic
  2757 | D:2      | Reached XP level 5. HP: 26/32 MP: 1/8
  2869 | D:3      | Found a deep blue altar of Sif Muna.
  2964 | D:3      | Reached skill level 1 in Fighting
  3535 | D:3      | Found a deep blue altar of Sif Muna.
  3535 | D:3      | Found an ancient bone altar of Kikubaaqudgha.
  3537 | D:3      | Found a radiant altar of Vehumet.
  3539 | D:3      | Identified Kikubaaqudgha's Handbook of Sinister Magic
  3763 | D:3      | Reached skill level 1 in Slings
  4039 | D:4      | Reached XP level 6. HP: 28/38 MP: 10/10
  4453 | D:4      | Reached XP level 7. HP: 38/43 MP: 5/11
  4874 | D:4      | Found a snail-covered altar of Cheibriados.
  4874 | D:4      | Found a sacrificial altar of Ru.
  4991 | D:4      | Learned a level 4 spell: Olgreb's Toxic Radiance
  5043 | D:5      | Entered Level 5 of the Dungeon
  5185 | D:5      | Found a sacrificial altar of Ru.
  5195 | D:5      | Found a staircase to the Ecumenical Temple.
  5203 | Temple   | Entered the Ecumenical Temple
  5938 | Temple   | Became a worshipper of Makhleb the Destroyer
  6047 | D:5      | Learned a level 1 spell: Confusing Touch
  6562 | D:5      | Found a hide-covered altar of Uskayaw.
  6646 | D:5      | Found a basalt altar of Yredelemnul.
  6648 | D:5      | Found a sparkling altar of Nemelex Xobeh.
  6813 | D:6      | Reached skill level 1 in Hexes
  6813 | D:6      | Reached XP level 8. HP: 12/50 MP: 13/13
  7187 | D:6      | Noticed Duvessa
  7204 | D:6      | Killed Duvessa
  7204 | D:6      | Reached skill level 6 in Poison Magic
  7496 | D:6      | Reached skill level 5 in Air Magic
  8228 | D:6      | Noticed Dowan
  8238 | D:6      | Killed Dowan
  8238 | D:6      | Reached * piety under Makhleb
  8687 | D:7      | Reached XP level 9. HP: 38/55 MP: 8/15
  9197 | D:7      | Reached skill level 5 in Slings
  9283 | D:7      | Found a runed translucent door.
  9284 | D:7      | Noticed Crazy Yiuf
  9575 | D:7      | Reached skill level 1 in Invocations
  9894 | D:7      | Found an opulent altar of Gozag.
  9965 | D:7      | Learned a level 1 spell: Animate Skeleton
 10215 | D:7      | Killed Crazy Yiuf
 10353 | D:8      | Reached skill level 7 in Poison Magic
 10933 | D:8      | Noticed Pikel
 10942 | D:8      | Killed Pikel
 10942 | D:8      | Reached skill level 5 in Spellcasting
 10942 | D:8      | Reached skill level 1 in Necromancy
 11142 | D:8      | Found Feysitoo's Book Emporium.
 11210 | D:8      | Learned a level 4 spell: Summon Lightning Spire
 11271 | D:9      | Noticed Joseph
 11749 | D:9      | Found Bel Jost's Armour Boutique.
 11757 | D:9      | Bought a +2 buckler for 165 gold pieces
 11995 | D:9      | Reached XP level 10. HP: 52/63 MP: 7/18
 12118 | D:9      | Reached ** piety under Makhleb
 12448 | D:9      | Reached skill level 1 in Summonings
 12752 | D:10     | Entered Level 10 of the Dungeon
 12851 | D:10     | Reached skill level 8 in Poison Magic
 12852 | D:10     | Reached skill level 1 in Shields
 13145 | D:10     | Reached skill level 1 in Polearms
 14066 | D:11     | Found a staircase to the Lair.
 14078 | D:11     | Noticed a manticore
 14085 | D:11     | HP: 3/63 [manticore/volley of spikes (20)]
 14086 | D:11     | HP: 1/63 [troll (2)]
 14086 | D:11     | Mangled by a troll

Skill      XL: |  1  2  3  4  5  6  7  8  9 10 |
---------------+-------------------------------+-----
Poison Magic   | 4 5 6 7 8 |  8.0
Air Magic      | 1 2 3 4 5 6 |  6.4
Short Blades   | 1 2 |  2.1
Fighting       | 1 2 3 |  3.4
Slings         | 1 2 4 5 |  5.0
Spellcasting   | 3 4 5 6 |  6.5
Hexes          | 1 2 4 |  4.1
Invocations    | 3 |  3.0
Necromancy     | 2 3 |  3.5
Summonings     | 2 |  2.7
Shields        | 2 |  2.4
Polearms       | 2 |  2.0
Throwing       | |  0.2
Dodging        | |  2.0
Stealth        | |  2.6
Conjurations   | |  1.1

Action                   |  1- 3 |  4- 6 |  7- 9 | 10-12 || total
-------------------------+-------+-------+-------+-------++-------
Melee: Unarmed           |    42 |       |       |       ||    42
       Constrict         |    13 |    13 |    27 |    11 ||    64
       Tentacles         |     9 |     5 |    28 |    12 ||    54
       Short sword       |    22 |    59 |       |       ||    81
       Spear             |     5 |       |       |       ||     5
       Dagger            |       |       |   113 |    22 ||   135
       Trident           |       |       |    16 |    35 ||    51
 Fire: Hunting sling     |       |    81 |   103 |     3 ||   187
Throw: Tomahawk          |       |       |     3 |       ||     3
 Cast: Sting             |     3 |       |     6 |       ||     9
       Poisonous Vapours |    10 |    37 |    77 |    30 ||   154
       Confusing Touch   |       |       |    11 |     4 ||    15
       Olgreb's Toxic Ra |       |       |    12 |    17 ||    29
  Use: Scroll            |       |       |    13 |       ||    13
 Stab: Sleeping          |     9 |     8 |     4 |       ||    21
       Confused          |       |       |     7 |     3 ||    10
       Distracted        |       |       |     1 |       ||     1
  Eat: Chunk             |     3 |    11 |    14 |     8 ||    36
       Ration            |       |       |     4 |       ||     4
Armor: Skin              |     6 |    10 |     9 |     5 ||    30
Dodge: Dodged            |    49 |    69 |   102 |    47 ||   267
Block: Buckler           |       |       |     3 |    24 ||    27
